 Dungeon Crawl Stone Soup version 0.22-a0-407-gb098539 (webtiles) character file.

5 galech the Chopper (level 1, -1/13 HPs)
             Began as a Gnoll Wanderer on May 9, 2018.
             Slain by a rat (2 damage)
             ... on level 1 of the Dungeon.
             The game lasted 00:00:25 (47 turns).

galech the Chopper (Gnoll Wanderer)                   Turns: 47, Time: 00:00:25

Health: -1/13      AC:  9    Str: 15    XL:     1   Next: 80%
Magic:  1/1        EV:  9    Int: 13    God:
Gold:   0          SH:  0    Dex: 14    Spells: 0/0 levels left

rFire    . . .     SeeInvis .   d - +0 blowgun
rCold    . . .     Gourm    .   (no shield)
rNeg     . . .     Faith    .   a - +2 scale mail
rPois    .         Spirit   .   (no helmet)
rElec    .         Reflect  .   (no cloak)
rCorr    .         Harm     .   (no gloves)
MR       .....                  (no boots)
Stlth    ..........             (no amulet)
HPRegen  0.04/turn              (no ring)
MPRegen  0.07/turn              (no ring)

@: no status effects
A: distributed training, fangs 1, strong nose
a: no special abilities


You were on level 1 of the Dungeon.
You were not hungry.

You visited 1 branch of the dungeon, and saw 1 of its levels.

Inventory:

Hand Weapons
 d - a +0 blowgun (weapon)
 e - a +0 hunting sling
Armour
 a - a +2 scale mail (worn)
Potions
 b - a potion of curing {unknown}
Comestibles
 f - a ration


   Skills:
 + Level 0.1 Fighting
 + Level 0.1 Short Blades
 + Level 0.1 Long Blades
 + Level 6.4 Axes
 + Level 0.1 Maces & Flails
 + Level 0.1 Polearms
 + Level 0.1 Staves
 + Level 0.1 Slings
 + Level 0.1 Bows
 + Level 0.1 Crossbows
 + Level 2.4 Throwing
 + Level 4.4 Armour
 + Level 0.1 Dodging
 + Level 0.1 Stealth
 + Level 2.4 Shields
 + Level 0.1 Unarmed Combat
 + Level 0.1 Spellcasting
 + Level 0.1 Conjurations
 + Level 0.1 Hexes
 + Level 0.1 Charms
 + Level 0.1 Summonings
 + Level 0.1 Necromancy
 + Level 5.3 Translocations
 + Level 0.1 Transmutations
 + Level 0.1 Fire Magic
 + Level 0.1 Ice Magic
 + Level 0.1 Air Magic
 + Level 0.1 Earth Magic
 + Level 0.1 Poison Magic
 + Level 0.2 Invocations
 + Level 0.1 Evocations


You couldn't memorise any spells.
You didn't know any spells.

Dungeon Overview and Level Annotations

Branches:
Dungeon (1/15)

Altars:


Innate Abilities, Weirdness & Mutations

Your experience applies equally to all skills.
You have very sharp teeth.
Your uncanny sense of smell can sniff out nearby items.


Message History

You barely miss the jackal.
The jackal is heavily wounded.
The jackal barely misses you. The jackal closely misses you.
The rat barely misses you. The jackal barely misses you.
The jackal bites you but does no damage.
The rat bites you but does no damage.
You completely miss the jackal.
The jackal is almost dead.
You kill the jackal!
The jackal bites you but does no damage.
The jackal closely misses you. The rat barely misses you.
The jackal closely misses you. The rat completely misses you.
The jackal bites you.
* * * LOW HITPOINT WARNING * * *
You see here a jackal corpse.
The jackal closely misses you. The rat closely misses you.
Found 12 stones.
You see here 2 poisoned needles.
The rat bites you.
You die...

# .#####..........
..(................
#...#.#.#.†.#.###..
#...#.#.......##
##.................
..........)........
.#...#.#.#.....##..
.......r†......# ..
#.....@h(.......
........$.(.......
..................
.................
.#.......#......
#..............
#.#....(......(
...............


You could see a jackal and a rat.

Vanquished Creatures
  A dart slug (D:1)
  2 jackals (D:1)
3 creatures vanquished.

Notes
Turn   | Place    | Note
-------+----------+-------------------------------------------
     0 | D:1      | galech the Gnoll Wanderer began the quest for the Orb.
     0 | D:1      | galech set off with: a +2 scale mail, 14 poisoned needles, a +0 blowgun, a ration
     0 | D:1      | Reached XP level 1. HP: 13/13 MP: 1/1
    47 | D:1      | Slain by a rat

Vault maps used:
D:1:      mrwooster_arrival_statue

Action                   || total
-------------------------++-------
Melee: Blowgun           ||     5
 Fire: Blowgun           ||    19
Armor: Scale mail        ||    23
Dodge: Dodged            ||    25

Table legend:
 A = Spawn XP
 B = Non-spawn XP
 C = Spawn XP percentage of total XP
 D = Spawn monster count
 E = Non-spawn monster count
 F = Spawn count percentage of total count
 G = Total turns spent on level
                    A         B        C        D         E        F      G
               +---------+---------+-------+---------+---------+-------+---------
         Total |       0 |       8 |   0.0 |       0 |       3 |   0.0 |    47
               +---------+---------+-------+---------+---------+-------+---------
           D:1 |       0 |       8 |   0.0 |       0 |       3 |   0.0 |    47
               +---------+---------+-------+---------+---------+-------+---------
